 Dungeon Sprint DCSS version 0.31-a0-256-g80acddb972 (webtiles) character file.

Game seed: 1500062759359744045

2443 Conn the Arsonist (level 9, 0/51 HPs)
             Began as an Octopode Fire Elementalist on July 13, 2023.
             Was a Believer of Sif Muna.
             Slain by a yaktaur (6 damage)
             ... in the Dungeon (Sprint II: "The Violet Keep of Menkaure").
             The game lasted 00:10:22 (1367 turns).

Conn the Arsonist (Octopode Fire Elementalist)      Turns: 1367, Time: 00:10:22

Health: 0/51       AC:  1    Str:  7    XL:     9   Next: 49%
Magic:  0/25       EV: 15    Int: 22    God:    Sif Muna [**....]
Gold:   889        SH:  0    Dex: 12    Spells: 7/32 levels left

rFire   . . .        (no weapon)
rCold   . . .        (no shield)
rNeg    . . .        (helmet restricted)
rPois   .            (no amulet)
rElec   .            k - ring of resist corrosion
rCorr   +            (no ring)
SInv    .            (no ring)
Will    .....        (no ring)
Stlth   +++++        (no ring)
HPRegen 0.28/turn    (no ring)
MPRegen 0.19/turn    (no ring)
                     (no ring)

%: no teleportation
@: very slightly contaminated, hasted, very quick
A: almost no armour, amphibious, 8 rings, camouflage 1, gelatinous body 1,
nimble swimmer 1, tentacles
a: Renounce Religion, Channel Magic


You were in the Dungeon.
You worshipped Sif Muna.
Sif Muna was pleased with you.
You visited 1 branch You collected 889 gold pieces.

Inventory:

Jewellery
 k - a ring of resist corrosion (left tentacle)
Talismans
 n - a beast talisman
Scrolls
 b - 3 scrolls of identify {unknown}
 c - a scroll of fog {unknown}
 e - a scroll of revelation {unknown}
 g - a scroll of amnesia {unknown}
 h - 2 scrolls of immolation {unknown}
 l - a scroll of blinking
 m - a scroll of fear {unknown}
Potions
 a - 6 potions of magic
 d - 2 potions of haste
 f - 2 potions of curing
 i - 3 potions of resistance {unknown}
 j - 5 potions of enlightenment {unknown}


   Skills:
 + Level 6.0 Dodging
 - Level 5.2 Stealth
 - Level 0.3 Unarmed Combat
 + Level 12.0 Spellcasting
 + Level 8.1 Conjurations
 * Level 2.7 Summonings
 + Level 0.6 Translocations
 + Level 12.9 Fire Magic
 * Level 2.7 Ice Magic
 * Level 2.6 Invocations


You had 7 spell levels left.
You knew the following spells:

 Your Spells              Type           Power      Damage    Failure   Level
a - Foxfire               Conj/Fire      100%       2x1d9     1%          1
b - Scorch                Fire           100%       2d9       1%          2
c - Inner Flame           Hex/Fire       41%        N/A       1%          3
d - Flame Wave            Conj/Fire      56%        2d13      1%          4
e - Hailstorm             Conj/Ice       37%        3d9       1%          3
f - Iskenderun's Mystic   Conj/Tloc      32%        2d8       9%          4
g - Fulminant Prism       Conj/Hex       15%        3d10      9%          4
h - Summon Ice Beast      Ice/Summ       25%        N/A       16%         4

Your spell library contained the following spells:

 Spells                   Type           Power      Damage    Failure   Level
 Volatile Blastmotes      Fire/Tloc      86%        2d17      1%          3
 Tukima's Dance           Hex            13%        N/A       14%         3
 Passage of Golubria      Tloc           15%        N/A       36%         4
 Yara's Violent Unravell  Hex/Tmut       6%         3d5       80%         5
 Simulacrum               Ice/Necr       9%         N/A       99%         6


Dungeon Overview and Level Annotations

Branches:
Dungeon (1/1)

Altars:
Cheibriados
Dithmenos
Elyvilon
Fedhas
Gozag
Hepliaklqana
Kikubaaqudgha
Makhleb
Nemelex Xobeh
Okawaru
Qazlal
Ru
Sif Muna
Trog
Uskayaw
Vehumet
Wu Jian
Xom
Yredelemnul
Zin
The Shining One
Jiyva
Lugonu

Annotations:
D Roxanne


Innate Abilities, Weirdness & Mutations

You cannot wear most types of armour.
You are amphibious.
You can wear up to eight rings at the same time.
Your skin changes colour to match your surroundings (Stealth+).
Your rubbery body absorbs attacks. (AC +1, EV +1)
You are camouflaged when in or above water. (Stealth+)
You have tentacles for arms and can constrict up to eight enemies at once.


Message History

Unknown command.
Unknown command.
Unknown command.
Okay, then.
You feel yourself speed up.
The yaktaur hits you but does no damage.
Casting: Flame Wave (dangerous; 1% risk of failure)
Confirm with . or Enter, or press ? or * to list all spells.
Okay, then.
Casting: Flame Wave (dangerous; 1% risk of failure)
Confirm with . or Enter, or press ? or * to list all spells.
The spell is quite dangerous to miscast (16% risk of failure)!
Continue anyway?
You miscast Summon Ice Beast.
You are very lightly contaminated with residual magic.
Nothing appears to happen.
The yaktaur hits you!
* * * LOW HITPOINT WARNING * * *
Okay, then.
Blink to where?
Press: ? - help, Dir - move target You can't see that place. [a stone wall.]
Okay, then.
Unknown command.
Unknown command.
Unknown command.
Unknown command.
Okay, then.
Okay, then.
Casting: Summon Ice Beast (quite dangerous; 16% risk of failure)
Confirm with . or Enter, or press ? or * to list all spells.
Casting: Flame Wave (dangerous; 1% risk of failure)
Press: ? - help, Dir - look around, f - activate A wave of flame ripples out!
The flame wave engulfs the yaktaur!
The yaktaur is severely wounded. (Press . to intensify the flame waves.) Unknown command.
Without enough magic to sustain them, the waves of flame dissipate.
The yaktaur is engulfed in a cloud of scalding steam.
The yaktaur hits you.
You die...

## #=}▓[[....).▓▓ .##.####
+.####)=▓..[....(▓▓ ..# ...#
...####▓.....(..▓▓ .####..## #..#
c#▓[....(.(▓▓ ###.##..# +..#
y#▓.(:..[()▓▓ ##..##..# #..#
h#▓[).[.).)▓▓
.†##.'..####..##.#▓).[..(..▓▓
##†.##....###.§c##▓▓▓▓▓▓▓'▓▓▓▓+▓
###.##......~§§§@§§§~~~~~...X≈≈▓
. ###~~.....~#'########+###.≈≈≈▓
#l#§~~~~~§..~#_._.....#~§~##≈≈≈▓
##~~~~~~~§.~#._._....#~§§≈####▓▓
#~~§≈≈§~~~~~#_._._...#~§§§≈##..#
~~~§~~≈≈§≈~~~#._._._..#~§~§≈§#.§#
+++#~≈§≈§≈≈≈~#_._._._.#~§§~§§'..+
##≈≈≈###≈≈#._._._._#~~§~≈~#..#
##§≈ #§§#.._._._.#§~≈≈§≈▓..#


You could see a yaktaur.

Vanquished Creatures
  2 deep trolls (D)
  A nameless horror (D)
  2 polar bears (D)
  A hornet (D)
  4 water moccasins (D)
  4 necrophages (D)
  4 scorpions (D)
  A tentacle (D)
19 creatures vanquished.

Vanquished Creatures (others)
  66 foxfires (D)
  A fulminant prism (D)
  51 tentacles (D)
118 creatures vanquished.

Grand Total: 137 creatures vanquished

Notes
Turn   | Place    | Note
-------+----------+-------------------------------------------
     0 | D        | Conn the Octopode Fire Elementalist began the quest for the
                  | Orb.
     0 | D        | Reached XP level 1. HP: 11/11 MP: 3/3
     1 | D        | Noticed a boulder beetle
     1 | D        | Noticed a boulder beetle
     4 | D        | Noticed a necrophage
     4 | D        | Noticed a necrophage
     4 | D        | Noticed a necrophage
     4 | D        | Noticed a necrophage
     8 | D        | Killed a necrophage
     9 | D        | Reached XP level 2. HP: 13/17 MP: 3/6
     9 | D        | Reached XP level 3. HP: 16/21 MP: 4/8
     9 | D        | Reached XP level 4. HP: 21/27 MP: 4/9
    12 | D        | Killed a necrophage
    13 | D        | Reached XP level 5. HP: 20/31 MP: 4/11
    16 | D        | Reached skill level 5 in Stealth
    16 | D        | Reached skill level 5 in Spellcasting
    20 | D        | Reached XP level 6. HP: 18/36 MP: 4/14
    32 | D        | Learned a level 2 spell: Scorch
    36 | D        | Learned a level 3 spell: Inner Flame
    41 | D        | Learned a level 4 spell: Flame Wave
    52 | D        | HP: 1/36 [scorpion (4)]
    57 | D        | Reached skill level 5 in Dodging
    57 | D        | Reached skill level 5 in Conjurations
    58 | D        | Reached skill level 10 in Fire Magic
    58 | D        | Reached XP level 7. HP: 25/41 MP: 3/18
    75 | D        | Noticed a wyvern
    75 | D        | Noticed a wyvern
    85 | D        | Found an iron altar of Okawaru.
    85 | D        | Found a radiant altar of Vehumet.
    85 | D        | Found a glowing silver altar of Zin.
    86 | D        | Found a sparkling altar of Nemelex Xobeh.
    86 | D        | Found a hide-covered altar of Uskayaw.
    86 | D        | Found a basalt altar of Yredelemnul.
    87 | D        | Found an opulent altar of Gozag.
    87 | D        | Found a burning altar of Makhleb.
    87 | D        | Found a bloodstained altar of Trog.
    87 | D        | Found a shimmering altar of Xom.
    88 | D        | Found a blossoming altar of Fedhas.
    88 | D        | Found a corrupted altar of Lugonu.
    88 | D        | Found a shimmering blue altar of Sif Muna.
    89 | D        | Found a white marble altar of Elyvilon.
    89 | D        | Found an ancient bone altar of Kikubaaqudgha.
    89 | D        | Found a sacrificial altar of Ru.
    90 | D        | Found a shadowy altar of Dithmenos.
    90 | D        | Found a viscous altar of Jiyva.
    93 | D        | Found a snail-covered altar of Cheibriados.
    95 | D        | Found a hazy altar of Hepliaklqana.
    96 | D        | Found a glowing golden altar of the Shining One.
    96 | D        | Found an ornate altar of the Wu Jian Council.
    96 | D        | Found a stormy altar of Qazlal.
   102 | D        | Became a worshipper of Sif Muna the Loreminder
   116 | D        | Noticed a kraken
   225 | D        | Noticed a flying skull
   226 | D        | Reached * piety under Sif Muna
   228 | D        | Noticed a flying skull
   228 | D        | Noticed a flying skull
   229 | D        | Noticed a flying skull
   229 | D        | Noticed a flying skull
   229 | D        | Noticed a flying skull
   310 | D        | Noticed a deep troll
   310 | D        | Noticed a deep troll
   334 | D        | Killed a deep troll
   335 | D        | Reached skill level 10 in Spellcasting
   335 | D        | Reached XP level 8. HP: 46/46 MP: 0/22
   481 | D        | Killed a deep troll
   482 | D        | Reached XP level 9. HP: 43/51 MP: 6/24
   527 | D        | Noticed Roxanne
   991 | D        | Learned a level 3 spell: Hailstorm
   996 | D        | Learned a level 4 spell: Iskenderun's Mystic Blast
  1001 | D        | Learned a level 4 spell: Fulminant Prism
  1006 | D        | Learned a level 4 spell: Summon Ice Beast
  1121 | D        | Noticed a nameless horror
  1130 | D        | Killed a nameless horror
  1353 | D        | Noticed a yaktaur
  1353 | D        | Noticed a hornet
  1353 | D        | Noticed a polar bear
  1353 | D        | Noticed a polar bear
  1358 | D        | Killed a polar bear
  1359 | D        | Reached skill level 1 in Summonings
  1359 | D        | Reached skill level 1 in Ice Magic
  1359 | D        | Reached skill level 1 in Invocations
  1360 | D        | Killed a hornet
  1360 | D        | Reached ** piety under Sif Muna
  1362 | D        | Killed a polar bear
  1367 | D        | Slain by a yaktaur

Illustrated notes

Levels and vault maps discovered:
D:        the_violet_keep_of_menkaure [sprint2_stairs_cluster_1,
          sprint2_shoproom, sprint2_temple, sprint2_basic_supplies,
          sprint2_obstacle_7, sprint2_obstacle_6, sprint2_obstacle_3,
          sprint2_obstacle_1, sprint2_obstacle_2, sprint2_timed_cluster_1,
          sprint2_smallroom_cluster_1, sprint2_smallroom_final_cluster_1,
          sprint2_transparent_cluster_1, sprint2_second_timed_cluster_1,
          sprint2_sniper_area_1, sprint2_heavy_combat_area_1,
          sprint2_mutation_trap_area_1, sprint2_forest_area_1,
          sprint2_light_combat_area_1, sprint2_behind_water_1,
          sprint2_near_end_vault_1]

Skill      XL: |  1  2  3  4  5  6  7  8  9 |
---------------+----------------------------+-----
Dodging        | 3 4 5 6 |  6.0
Stealth        | 4 5 |  5.2
Spellcasting   | 3 4 5 7 10 11 12 | 12.0
Fire Magic     | 6 7 8 10 12 | 12.9
Conjurations   | 2 4 5 7 8 |  8.1
Summonings     | 2 |  2.7
Ice Magic      | 2 |  2.7
Invocations    | 2 |  2.6
Unarmed Combat | |  0.3
Translocations | |  0.6

Action                     |  1- 3 |  4- 6 |  7- 9 || total
---------------------------+-------+-------+-------++-------
  Melee: Unarmed           |     3 |    13 |       ||    16
         Constrict         |     1 |     4 |       ||     5
         Tentacles         |     1 |     3 |       ||     4
         Punch             |     1 |       |       ||     1
   Cast: Scorch            |       |     3 |    34 ||    37
         Flame Wave        |       |     1 |     7 ||     8
         Foxfire           |       |       |    52 ||    52
         Iskenderun's Myst |       |       |     2 ||     2
         Summon Ice Beast  |       |       |     1 ||     1
         Fulminant Prism   |       |       |     1 ||     1
         Hailstorm         |       |       |     1 ||     1
 Invoke: Channel Magic     |       |       |     1 ||     1
    Use: Potion            |     1 |     3 |     1 ||     5
         Scroll            |       |       |     1 ||     1
 Armour: Skin              |       |       |     3 ||     3
  Dodge: Dodged            |       |     8 |    18 ||    26

Table legend: (Time is in decaauts)
 A = Elapsed time spent in this place.
 B = Non-inter-level travel time spent in this place.
 C = Inter-level travel time spent in this place.
 D = Time resting spent in this place.
 E = Time spent auto-exploring this place.
 F = Levels seen in this place.
 G = Mean time per level.
                   A        B        C        D        E       F      G
               +--------+--------+--------+--------+--------+-----+--------+
         Total |   1369 |   1369 |      0 |    705 |      0 |   1 | 1369.0 |
       Dungeon |   1369 |   1369 |      0 |    705 |      0 |   1 | 1369.0 |
               +--------+--------+--------+--------+--------+-----+--------+

Top non-repeatable levels by time:
       D: 1369 daAuts
